 Dungeon Crawl Stone Soup version 0.28.0-49-g6dfe1f597d (webtiles) character file.

Game seed: 17057723910812104763

76342 acdeimund the Eclecticist (level 15, -11/89 HPs)
             Began as a Deep Elf Conjurer on May 17, 2022.
             Was an Elder of Vehumet.
             Killed from afar by an eleionoma (43 damage)
             ... with a spray of wooden splinters
             ... on level 3 of the Swamp on May 19, 2022.
             The game lasted 02:48:04 (30933 turns).

acdeimund the Eclecticist (Deep Elf Conjurer)      Turns: 30933, Time: 02:48:05

Health: -11/89     AC: 10    Str:  6    XL:     15   Next: 12%
Magic:  21/36      EV: 17    Int: 29    God:    Vehumet [****..]
Gold:   1417       SH:  5    Dex: 13    Spells: 1/44 levels left

rFire   . . .      SeeInvis .   S - staff of conjuration
rCold   . . .      Faith    .   (no shield)
rNeg    . . .      Spirit   .   L - +1 steam dragon scales
rPois   +          Reflect  +   (no helmet)
rElec   +          Harm     .   o - scarf {repulsion}
rCorr   .          Rampage  .   M - +1 pair of gloves
Will    +....                   i - +1 pair of boots
Stlth   +++++.....              D - amulet of reflection
HPRegen 0.24/turn               I - ring of poison resistance
MPRegen 0.25/turn               F - ring of Midsummer {Wiz rElec}

@: repel missiles
A: no striking features
a: Renounce Religion


You were on level 3 of the Swamp.
You worshipped Vehumet.
Vehumet was greatly pleased with you.
You visited 4 branches of the dungeon, and saw 22 of its levels.
You visited the Abyss 1 time.

You collected 1525 gold pieces.
You spent 108 gold pieces at shops.

Inventory:

Missiles
 K - a throwing net
Armour
 i - a +1 pair of boots (worn)
 o - a scarf of repulsion (worn)
 x - a +0 pair of boots
 L - +1 steam dragon scales (worn)
 M - a +1 pair of gloves (worn)
Magical Staves
 S - a staff of conjuration (weapon)
Jewellery
 a - a ring of ice
 f - an amulet of faith
 r - a ring of magical power
 s - an amulet of guardian spirit
 t - a +4 ring of protection
 u - a ring of protection from cold
 z - a ring of protection from cold
 D - an amulet of reflection (around neck)
 F - the ring of Midsummer (right hand) {Wiz rElec}
   (You found it on level 6 of the Lair of Beasts)

   [ring of wizardry]

   It improves your spell success rate.
   rElec:     It insulates you from electricity.
 G - a ring of wizardry
 I - a ring of poison resistance (left hand)
 Q - a ring of wizardry
 X - a +6 ring of dexterity
 Y - a ring of protection from fire
Wands
 b - a wand of charming (7)
 J - a wand of paralysis (10)
 P - a wand of flame (11)
 V - a wand of digging (3)
Scrolls
 g - 5 scrolls of magic mapping
 k - 3 scrolls of amnesia
 m - 3 scrolls of teleportation
 n - a scroll of blinking
 p - 2 scrolls of vulnerability
 v - a scroll of fear
 y - a scroll of silence
 B - a scroll of enchant weapon
 U - a scroll of holy word
 W - a scroll of fog
Potions
 c - 2 potions of might
 d - 4 potions of curing
 e - 2 potions of cancellation
 h - 5 potions of flight
 j - 3 potions of brilliance
 l - 4 potions of heal wounds
 q - 3 potions of haste
 w - a potion of invisibility
 A - 7 potions of lignification
 C - a potion of mutation
 E - a potion of ambrosia
 T - a potion of magic
Miscellaneous
 H - a box of beasts


   Skills:
 + Level 8.8 Fighting
 - Level 3.0 Armour
 + Level 11.9 Dodging
 + Level 12.8 Stealth
 + Level 15.2 Spellcasting
 + Level 13.4 Conjurations
 - Level 6.3 Hexes
 - Level 6.0 Translocations
 + Level 12.3 Earth Magic


You had one spell level left.
You knew the following spells:

 Your Spells              Type           Power      Damage    Failure   Level
a - Magic Dart            Conj           100%       1d8       0%          1
b - Searing Ray           Conj           100%       2d8       0%          2
c - Stone Arrow           Conj/Erth      100%       3d13      1%          3
d - Iskenderun's Mystic   Conj/Tloc      87%        2d17      1%          4
e - Blink                 Tloc           100%       N/A       1%          2
f - Conjure Flame         Conj/Fire      75%        6-21      1%          3
g - Cause Fear            Hex            27%        N/A       1%          4
h - Iron Shot             Conj/Erth      49%        9d9       1%          6
i - Mephitic Cloud        Conj/Pois/Air  64%        N/A       1%          3
j - Orb of Destruction    Conj           49%        9d13      1%          7
k - Lehudib's Crystal Sp  Conj/Erth      49%        10d12     9%          8

Your spell library contained the following spells:

 Spells                   Type           Power      Damage    Failure   Level
 Spellforged Servitor     Conj/Summ      37%        N/A       13%         7
 Animate Skeleton         Necr           44%        N/A       1%          1
 Apportation              Tloc           100%       N/A       1%          1
 Beastly Appendage        Tmut           44%        N/A       1%          1
 Pain                     Necr           88%        1d8       1%          1
 Slow                     Hex            100%       N/A       1%          1
 Summon Small Mammal      Summ           88%        N/A       1%          1
 Sublimation of Blood     Necr           22%        N/A       1%          2
 Wereblood                Tmut           22%        N/A       1%          2
 Confusing Touch          Hex            55%        N/A       1%          3
 Dazzling Flash           Conj/Hex       100%       N/A       1%          3
 Gell's Gravitas          Tloc           54%        N/A       1%          3
 Inner Flame              Hex/Fire       40%        N/A       1%          3
 Portal Projectile        Hex/Tloc       100%       N/A       1%          3
 Summon Guardian Golem    Hex/Summ       40%        N/A       1%          3
 Teleport Other           Tloc           54%        N/A       1%          3
 Animate Armour           Summ/Erth      100%       N/A       1%          4
 Fulminant Prism          Conj/Hex       43%        3d20      1%          4
 Call Canine Familiar     Summ           22%        N/A       2%          3
 Ozocubu's Armour         Ice            22%        N/A       2%          3
 Spider Form              Tmut/Pois      22%        N/A       2%          3
 Vampiric Draining        Necr           22%        2d7       2%          3
 Manifold Assault         Tloc           54%        N/A       2%          5
 Metabolic Englaciation   Hex/Ice        20%        N/A       7%          5
 Summon Forest            Summ/Tloc      19%        N/A       8%          5
 Dispersal                Tloc           27%        N/A       12%         6
 Alistair's Intoxication  Tmut/Pois      14%        N/A       24%         5
 Eringya's Noxious Bog    Tmut/Pois      11%        N/A       32%         6
 Simulacrum               Ice/Necr       11%        N/A       77%         6
 Discord                  Hex            27%        N/A       98%         8
 Storm Form               Tmut/Air       11%        N/A       99%         7
 Summon Hydra             Summ           11%        N/A       99%         7


Dungeon Overview and Level Annotations

Branches:
Dungeon (12/15)            Temple (1/1) D:4            Lair (6/6) D:9
  Swamp (3/4) Lair:4       Spider (0/4) Lair:4        Slime (0/5) Lair:5
    Orc: D:9-12

Altars:
Ashenzari
Cheibriados
Elyvilon
Fedhas
Gozag
Nemelex Xobeh
Qazlal
Ru
Uskayaw
Vehumet
Wu Jian
Yredelemnul
Zin
The Shining One
Jiyva

Shops:
D:5 !   D:8 :   D:9 *

Annotations:
D:8 exclusion: downstairs
D:9 3 runed translucent doors, exclusion: obsidian statue, firemarshallily's ghost, journeyman MfIE
Lair:2 Gastronok


Message History

Aim: an alligator (wandering, hasn't noticed you, 81% to hit)
You feel a surge of power!
The iron shot hits the alligator!!!
The alligator is heavily wounded.
The eleionoma flows through the trees.
The swamp worm fires a harpoon shot at you.
The harpoon shot is repelled.
The alligator bites you!!
The alligator tail-slaps you but does no damage.
Casting: Iron Shot (dangerous; 1% risk of failure)
Confirm with . or Enter, or press ? or * to list all spells.
You feel a surge of power!
You erupt in a blast of force!
The mystic blast hits the eleionoma!
The eleionoma is lightly wounded.
The eleionoma is knocked back by the mystic blast.
The mystic blast hits the alligator!
The alligator is severely wounded.
The alligator is knocked back by the mystic blast.
The alligator slams into the mangrove!
The alligator is severely wounded.
The eleionoma hurls a spray of splinters at you.
The spray of wooden splinters hits you!
Casting: Iskenderun's Mystic Blast (safe; 1% risk of failure)
Confirm with . or Enter, or press ? or * to list all spells.
Aiming: Iron Shot (dangerous; 1% risk of failure)
Press: ? - help, Shift-Dir - straight line, f - eleionoma, p - alligator
Aim: an eleionoma (lightly wounded, 78% to hit)
You feel a surge of power!
The iron shot hits the eleionoma!!!
The eleionoma is heavily wounded.
The swamp worm fires a harpoon shot at you.
The harpoon shot misses you.
The swamp worm fires a harpoon shot at you.
The harpoon shot hits you but does no damage.
The eleionoma hurls a spray of splinters at you.
The spray of wooden splinters hits you!!
The alligator bites you but does no damage.
The alligator tail-slaps you but does no damage.
The swamp worm fires a harpoon shot at you.
The harpoon shot misses you.
The eleionoma hurls a spray of splinters at you.
The spray of wooden splinters hits you!!!
You die...

♣♣ ♣♣.
♣.≈♣ ♣§≈.
♣≈≈.♣♣
♣≈≈t@♣
♣≈≈≈§..♣
♣♣w≈≈≈≈R.♣
♣≈≈§≈..≈♣♣
♣♣.≈§.≈.♣
♣≈≈≈≈≈≈♣
♣≈≈≈v≈≈♣
♣.≈≈.≈.♣
♣$<♣


You could see an eleionoma, an alligator, a will-o-the-wisp and a swamp worm.

Vanquished Creatures
  A thorn hunter (Swamp:2)
  A fenstrider witch (Swamp:1)
  An eleionoma (Swamp:2)
  A dire elephant (Lair:6)
  5 boulder beetles
  Fannar (Lair:3)
  12 hydras
  A ghost crab (Swamp:1)
  3 two-headed ogres
  12 death yaks
  A catoblepas (Lair:6)
  6 alligators
  An anaconda (Lair:6)
  Sonja (Lair:2)
  A goliath frog (Swamp:1)
  A swamp dragon (Swamp:2)
  2 lindwurms (Lair:6)
  A wizard (D:9)
  A bog body (Swamp:2)
  An ugly thing (D:12)
  A wolf spider (Lair:4)
  2 will-o-the-wisps
  A cyclops (D:11)
  2 manticores (Lair:6)
  15 elephants
  7 black mambas
  2 gargoyles
  Maggie (D:6)
  5 cane toads
  4 rime drakes
  4 kobold demonologists (D:11)
  2 hellwings (D:9)
  9 komodo dragons
  2 polar bears
  12 tyrant leeches
  4 trolls
  2 bloated husks (Swamp:1)
  3 dream sheep (Lair:6)
  26 blink frogs
  A meliai zombie (D:9)
  2 wraiths
  A culicivora (Lair:4)
  A jumping spider (Lair:4)
  5 basilisks
  A vampire (D:10)
  A wyvern (Lair:6)
  18 yaks
  15 vampire mosquitoes
  2 redbacks (Lair:4)
  9 swamp worms
  An acid dragon (D:9)
  Edmund (D:5)
  15 water moccasins
  A hornet zombie (D:9)
  6 orc warriors
  2 ice beasts
  Pargi (D:4)
  3 ogres
  A necrophage (D:4)
  3 black bears
  8 centaurs
  8 wolves
  Blork the orc (D:6)
  9 kobold brigands
  5 bullfrogs
  2 scorpions (D:6)
  A water moccasin zombie (D:6)
  3 water moccasin skeletons (D:5)
  3 killer bees (D:10)
  21 wights
  6 electric eels
  5 howler monkeys
  4 centaur zombies
  A quasit (D:8)
  3 jellies (D:6)
  5 orc priests
  A bullfrog skeleton (D:6)
  4 centaur skeletons
  4 hounds
  A gnoll shaman (D:5)
  Jessica (D:2)
  Crazy Yiuf (D:6)
  3 iguanas
  8 orc wizards
  5 hell rats (Lair:6)
  Natasha (thrice) (D:2)
  A killer bee zombie (D:7)
  A howler monkey zombie (D:9)
  A howler monkey skeleton (D:7)
  14 gnolls
  5 adders
  4 shadow imps (D:9)
  4 worms
  A dart slug (D:2)
  27 orcs
  11 ball pythons
  9 endoplasms
  2 giant cockroaches
  8 goblins
  6 hobgoblins
  2 jackals (D:4)
  21 kobolds
  2 quokkas
  7 bats
  4 frilled lizards
  3 rats
497 creatures vanquished.

Vanquished Creatures (others)
  A fenstrider witch (Swamp:2)
  53 fungi
  68 plants
  5 withered plants (D:9)
127 creatures vanquished.

Grand Total: 624 creatures vanquished

Notes
Turn   | Place    | Note
-------+----------+-------------------------------------------
     0 | D:1      | acdeimund the Deep Elf Conjurer began the quest for the
                  | Orb.
     0 | D:1      | Reached XP level 1. HP: 10/10 MP: 6/6
   330 | D:1      | Reached XP level 2. HP: 15/15 MP: 6/8
   333 | D:1      | Learned a level 2 spell: Searing Ray
  1053 | D:2      | Reached XP level 3. HP: 20/20 MP: 6/10
  1463 | D:2      | Noticed Natasha
  1466 | D:2      | Killed Natasha
  1467 | D:2      | Reached skill level 4 in Spellcasting
  1467 | D:2      | Reached skill level 5 in Conjurations
  1526 | D:2      | Learned a level 3 spell: Dazzling Flash
  1693 | D:2      | Reached XP level 4. HP: 18/24 MP: 4/12
  1698 | D:2      | Learned a level 4 spell: Iskenderun's Mystic Blast
  2166 | D:2      | Noticed Natasha
  2172 | D:2      | Killed Natasha
  2283 | D:2      | Noticed Natasha
  2287 | D:2      | Killed Natasha
  2288 | D:2      | Reached skill level 1 in Translocations
  2328 | D:2      | Noticed Jessica
  2330 | D:2      | Killed Jessica
  2331 | D:2      | Reached XP level 5. HP: 28/28 MP: 10/13
  2515 | D:3      | Found a snail-covered altar of Cheibriados.
  3146 | D:3      | Identified a scroll of acquirement
  3146 | D:3      | Acquired the Guide on Attacks and Execration
  3390 | D:4      | Noticed an ogre
  3452 | D:4      | Found a staircase to the Ecumenical Temple.
  3463 | Temple   | Entered the Ecumenical Temple
  3514 | Temple   | Became a worshipper of Vehumet
  3600 | D:4      | Learned a level 2 spell: Blink
  3691 | D:4      | Killed an ogre
  3692 | D:4      | Reached XP level 6. HP: 33/33 MP: 5/14
  3822 | D:4      | Noticed Pargi
  3842 | D:4      | Reached skill level 5 in Translocations
  4027 | D:5      | Entered Level 5 of the Dungeon
  4316 | D:5      | Found Gidimupp's Distillery.
  4324 | D:5      | Bought a potion of ambrosia for 96 gold pieces
  4324 | D:5      | Bought a potion of degeneration for 12 gold pieces
  4398 | D:5      | Reached skill level 1 in Fighting
  4398 | D:5      | Reached XP level 7. HP: 38/38 MP: 8/15
  4548 | D:5      | Noticed Edmund
  4573 | D:5      | Killed Edmund
  4772 | D:5      | Learned a level 3 spell: Conjure Flame
  4871 | D:5      | Reached skill level 5 in Spellcasting
  5691 | D:4      | Killed Pargi
  5837 | D:6      | Reached XP level 8. HP: 44/44 MP: 8/18
  6119 | D:6      | Reached skill level 6 in Spellcasting
  6277 | D:6      | Learned a level 4 spell: Cause Fear
  6278 | D:6      | Found a broken altar of Ashenzari.
  6278 | D:6      | Found an ornate altar of the Wu Jian Council.
  6300 | D:6      | Noticed Blork the orc
  6309 | D:6      | Killed Blork the orc
  6485 | D:6      | Reached * piety under Vehumet
  6485 | D:6      | Offered knowledge of Freeze by Vehumet.
  6486 | D:6      | Reached skill level 5 in Hexes
  6753 | D:6      | Found a large runed translucent door.
  6753 | D:6      | Found a large runed translucent door.
  6763 | D:6      | Noticed a two-headed ogre
  6767 | D:6      | Noticed Maggie
  7227 | D:6      | Killed a two-headed ogre
  7228 | D:6      | Reached skill level 7 in Spellcasting
  7228 | D:6      | Reached XP level 9. HP: 49/49 MP: 0/22
  7445 | D:6      | Found a runed translucent door.
  7446 | D:6      | Noticed Crazy Yiuf
  7452 | D:6      | Killed Crazy Yiuf
  7849 | D:7      | Reached skill level 5 in Dodging
  8299 | D:7      | Found a white marble altar of Elyvilon.
  8307 | D:7      | Reached skill level 8 in Spellcasting
  8723 | D:7      | Learned a level 5 spell: Manifold Assault
  8848 | D:6      | Killed Maggie
  8976 | D:6      | Found a glowing silver altar of Zin.
  8979 | D:6      | Found a basalt altar of Yredelemnul.
  9170 | D:8      | Found Ocwux Gucli's Book Emporium.
  9233 | D:7      | Reached skill level 9 in Spellcasting
  9320 | D:7      | Offered knowledge of Poisonous Vapours by Vehumet.
  9512 | D:7      | Found a stormy altar of Qazlal.
  9529 | D:7      | Reached ** piety under Vehumet
 10300 | D:8      | Reached XP level 10. HP: 53/56 MP: 22/25
 10458 | D:8      | Learned a level 6 spell: Iron Shot
 10523 | D:8      | Reached skill level 1 in Earth Magic
 10590 | D:8      | Found a sacrificial altar of Ru.
 11224 | D:9      | Found a staircase to the Lair.
 11224 | D:9      | Noticed an elephant
 11225 | D:9      | Noticed a death yak
 11239 | D:9      | Offered knowledge of Mephitic Cloud by Vehumet.
 11244 | D:9      | Learned a level 3 spell: Mephitic Cloud
 11728 | D:9      | Reached skill level 5 in Earth Magic
 11737 | D:9      | Noticed a wizard
 12032 | D:9      | Cast into level 2 of the Abyss (a wizard)
 12055 | D:9      | Escaped the Abyss
 12088 | D:9      | Killed a wizard
 12457 | D:9      | Reached skill level 1 in Armour
 12457 | D:9      | Reached skill level 10 in Spellcasting
 12513 | D:9      | Reached skill level 5 in Stealth
 12523 | D:9      | Reached *** piety under Vehumet
 12879 | D:9      | Killed an elephant
 12880 | D:9      | Reached XP level 11. HP: 62/62 MP: 14/27
 13143 | D:9      | Killed a death yak
 13164 | D:9      | Offered knowledge of Stone Arrow by Vehumet.
 13347 | D:9      | Learned a level 3 spell: Stone Arrow
 13599 | D:9      | Found a runed translucent gate.
 13599 | D:9      | Found a runed translucent gate.
 13601 | D:9      | Found a runed translucent gate.
 13602 | D:9      | Found an opulent altar of Gozag.
 13602 | D:9      | Noticed a white ugly thing
 13603 | D:9      | Noticed an obsidian statue
 13604 | D:9      | Noticed an orc knight
 13605 | D:9      | Noticed firemarshallily's ghost (journeyman MfIE)
 13649 | D:9      | Noticed a two-headed ogre
 13654 | D:9      | Killed a two-headed ogre
 13725 | D:9      | Found Ciplimid's Serpentskin Sales.
 13866 | D:10     | Entered Level 10 of the Dungeon
 14194 | D:10     | Reached skill level 5 in Fighting
 14673 | D:10     | Reached skill level 10 in Conjurations
 14847 | Lair:1   | Entered Level 1 of the Lair of Beasts
 14936 | Lair:1   | Reached skill level 11 in Spellcasting
 15008 | Lair:1   | Identified the +0 plate armour of the Fiend {Harm rElec
                  | rPois}
 15207 | Lair:1   | Noticed a seven-headed hydra
 15211 | Lair:1   | Killed a seven-headed hydra
 15923 | Lair:2   | Noticed Sonja
 15928 | Lair:2   | Killed Sonja
 16265 | Lair:2   | You fall into a shaft and drop 1 floor!
 16316 | Lair:3   | Reached **** piety under Vehumet
 16699 | Lair:3   | Reached XP level 12. HP: 68/68 MP: 9/29
 17365 | Lair:2   | Noticed Gastronok
 17597 | Lair:3   | Identified the +7 chain mail of Cimocwaf {Fly rPois rC-}
 17993 | Lair:3   | Noticed Fannar
 18004 | Lair:3   | Killed Fannar
 18152 | Lair:3   | Offered knowledge of Ignite Poison by Vehumet.
 18559 | Lair:4   | Reached skill level 12 in Spellcasting
 19116 | Lair:4   | Noticed an eight-headed hydra
 19116 | Lair:4   | Noticed an eight-headed hydra
 19127 | Lair:4   | Killed an eight-headed hydra
 19195 | Lair:4   | Killed an eight-headed hydra
 19299 | Lair:4   | Learned a level 7 spell: Orb of Destruction
 19426 | Lair:4   | Found a staircase to the Swamp.
 19875 | Lair:4   | Found a hole to the Spider Nest.
 20178 | Lair:5   | Noticed a seven-headed hydra
 20181 | Lair:5   | Noticed a boulder beetle
 20413 | D:11     | Noticed a boulder beetle
 20413 | D:11     | Noticed a boulder beetle
 20588 | D:11     | Noticed a boulder beetle
 20588 | D:11     | Noticed a two-headed ogre
 20597 | D:11     | Killed a two-headed ogre
 20598 | D:11     | Reached XP level 13. HP: 67/76 MP: 9/31
 20727 | D:11     | Identified the +3 falchion of an ossuary {freeze, rF++
                  | Will- Dex+6}
 20895 | Swamp:1  | Entered Level 1 of the Swamp
 20898 | Swamp:1  | Reached skill level 10 in Earth Magic
 21617 | Swamp:1  | Reached skill level 13 in Spellcasting
 21709 | Swamp:1  | Noticed a fenstrider witch
 21712 | Swamp:1  | Killed a fenstrider witch
 21713 | Swamp:1  | Reached skill level 10 in Stealth
 23152 | Swamp:2  | Reached ***** piety under Vehumet
 23193 | Swamp:2  | Offered knowledge of Airstrike by Vehumet.
 23223 | Swamp:2  | Noticed a fenstrider witch
 23227 | Swamp:2  | Paralysed by a fenstrider witch for 5 turns
 23230 | Swamp:2  | Killed a fenstrider witch
 23282 | Swamp:2  | Noticed a thorn hunter
 23285 | Swamp:2  | Killed a thorn hunter
 23360 | Swamp:2  | Reached skill level 10 in Dodging
 23752 | Swamp:2  | Noticed an eleionoma
 23756 | Swamp:2  | Killed an eleionoma
 24745 | Lair:5   | Reached XP level 14. HP: 83/83 MP: 28/33
 24941 | Lair:5   | Reached skill level 14 in Spellcasting
 25303 | Lair:5   | Found a glowing golden altar of the Shining One.
 25580 | Lair:5   | Found a viscous altar of Jiyva.
 25580 | Lair:5   | Found a staircase to the Slime Pits.
 27669 | Lair:6   | Entered Level 6 of the Lair of Beasts
 29069 | Lair:6   | Offered knowledge of Spellforged Servitor by Vehumet.
 29086 | Lair:6   | Identified the ring of Midsummer {Wiz rElec}
 30048 | Lair:6   | Reached skill level 15 in Spellcasting
 30168 | Lair:6   | Reached XP level 15. HP: 89/89 MP: 21/36
 30586 | Lair:6   | Learned a level 8 spell: Lehudib's Crystal Spear
 30921 | Swamp:3  | Noticed a thorn hunter
 30933 | Swamp:3  | Killed from afar by an eleionoma

Illustrated notes

Levels and vault maps discovered:
D:1:      beargit_arrival_diablo_church, layout_basic, minmay_tiny_reverse_x
D:2:      layout_basic, minivault_4, roderic_roman_lattice, chequers_arboretum,
          minmay_statues_item, chequers_serial_rivers_micro_a,
          patterned_corridor, uniq_natasha, uniq_jessica
D:3:      layout_basic, amcnicky_altar_gilded, minmay_misc_feat_nine_boxes,
          moated_statue
D:4:      layout_cave_pools, minmay_temple_entry_large_hall, uniq_pargi
D:5:      layout_cave_pods, serial_shops, shop, saegor_snake_ambush, uniq_edmund
D:6:      layout_loops_ring, jmf_multi_god_temple, jmf_multi_god_temple2,
          uniq_blork_the_orc, uniq_crazy_yiuf_cottage, uniq_maggie
D:7:      layout_basic, elyvilon_altar_4, mainiacjoe_overflow_brackets,
          st_stairs_3
D:8:      layout_gridville, lemuel_doored_altar, serial_shops,
          nicolae_stop_n_shop_1, minmay_misc_feat_tower
D:9:      cheibrodos_grave_circle, layout_loops_ring, david_lair_generic,
          ebering_ghost_gozag, guppyfry_shop_venom
D:10:     layout_roguey, enter_bailey_2, serial_bayou_pond_a
D:11:     layout_basic, kennysheep_orc_monster_closet_entryway
D:12:     layout_irregular_city, nicolae_benzene_ring, uniq_nessos
Temple:   dpeg_chambers_temple
Lair:1:   layout_cellular_growth, worms_lemuel
Lair:2:   layout_gridlike, uniq_gastronok, uniq_sonja, uniq_erica
Lair:3:   layout_concentric_octagons, serial_bayou_shore_b,
          serial_bayou_shore_a, grunt_megastairs_3, uniq_fannar
Lair:4:   layout_layer_cave, palyth_hydra_swamp_entry,
          spider_nest_entry_funnel_web
Lair:5:   layout_gridlike, dpeg_slime_entry_enclosed_altar,
          lemuel_centaur_altar, lemuel_fruit_tree
Lair:6:   hangedman_lair_in_review, layout_cave_pods,
          nicolae_quartered_pool_impasse, minmay_shattered_shrine
Swamp:1:  layout_falls_marsh, evilmike_swamp_ruin_house_1, swamp_pool1,
          nicolae_swamp_bloodsuckers_inc, infiniplex_staircase_pool
Swamp:2:  layout_falls_marsh, hangedman_swamp_diagram, swamp_pool1,
          nicolae_swamp_stuck_in_the_mud
Swamp:3:  layout_falls_marsh, evilmike_swamp_ruin_rubble_2

Skill      XL: |  1  2  3  4  5  6  7  8  9 10 11 12 13 14 |
---------------+-------------------------------------------+-----
Stealth        | 3 4 5 7 9 11 12 | 12.8
Spellcasting   | 4 5 7 9 10 11 12 13 15 | 15.2
Conjurations   | 5 6 7 8 9 10 11 12 13 | 13.4
Hexes          | 2 6 |  6.3
Translocations | 2 4 6 |  6.0
Fighting       | 1 2 3 4 5 6 7 8 |  8.8
Dodging        | 3 4 6 7 8 10 11 | 11.9
Earth Magic    | 7 8 9 11 12 | 12.3
Armour         | 1 3 |  3.0

Action                   |  1- 3 |  4- 6 |  7- 9 | 10-12 | 13-15 || total
-------------------------+-------+-------+-------+-------+-------++-------
Melee: Dagger            |       |       |     5 |       |       ||     5
       Quarterstaff      |       |       |     1 |     7 |       ||     8
       Staff             |       |       |       |    10 |    25 ||    35
 Cast: Magic Dart        |    55 |    62 |    96 |   112 |    31 ||   356
       Searing Ray       |     4 |    10 |    69 |    40 |    10 ||   133
       Iskenderun's Myst |       |     1 |    29 |    56 |    50 ||   136
       Conjure Flame     |       |       |     2 |     2 |       ||     4
       Iron Shot         |       |       |       |    93 |   197 ||   290
       Mephitic Cloud    |       |       |       |     6 |    19 ||    25
       Manifold Assault  |       |       |       |     1 |       ||     1
       Stone Arrow       |       |       |       |    34 |       ||    34
       Orb of Destructio |       |       |       |     5 |    33 ||    38
Evoke: Wand              |       |       |       |     2 |       ||     2
  Use: Scroll            |     3 |    11 |       |    21 |     8 ||    43
       Potion            |       |       |     1 |       |     5 ||     6
 Stab: Confused          |       |       |       |     1 |     4 ||     5
       Sleeping          |       |       |       |     1 |     1 ||     2
Armor: Skin              |       |     1 |       |       |    21 ||    22
       Robe              |       |       |    12 |       |       ||    12
       Steam dragon scal |       |       |     1 |    31 |    19 ||    51
Dodge: Dodged            |     2 |    15 |    42 |    70 |    62 ||   191
       Repelled          |       |       |     2 |     5 |     1 ||     8
Block: Other             |       |       |     6 |    31 |    22 ||    59
       Reflection        |       |       |       |     2 |     2 ||     4
